 Dungeon Crawl Stone Soup version 0.29-a0-575-g0dc89cf053 (webtiles) character file.

Game seed: 16693303123934347185

14646 Flugkiller the Severer (level 12, -3/116 HPs)
             Began as a Meteoran Chaos Knight on June 12, 2022.
             Was a Plaything of Xom.
             Slain by a polar bear (9 damage)
             ... summoned by Xom
             ... on level 4 of the Lair of Beasts.
             The game lasted 00:22:02 (5251 turns).

Flugkiller the Severer (Meteoran Chaos Knight)      Turns: 5251, Time: 00:22:02

Health: -3/116     AC: 21    Str: 18    XL:     12   Next: 82%
Magic:  13/13      EV: 11    Int: 14    God:    Xom [*.....]
Gold:   816        SH:  0    Dex: 13    Spells: 11/11 levels left

rFire   . . .      SeeInvis +   k - +2 battleaxe (elec)
rCold   . . .      Faith    .   (shield currently unavailable)
rNeg    . . .      Spirit   .   C - +2 scale mail {rPois}
rPois   +          Reflect  .   e - +2 helmet
rElec   .          Harm     .   m - +0 cloak
rCorr   .          Rampage  .   (no gloves)
Will    +....      Clarity  +   (no boots)
Stlth   ..........              (no amulet)
HPRegen 0.29/turn               i - ring of see invisible
MPRegen 0.13/turn               o - ring of wizardry

@: glowing, unable to read
A: sense surroundings 2, otherworldly, glowing, explore regen, talons 1,
iridescent scales 2, clarity, clumsy 1, robust 1, shaggy fur 1, inability to
read while threatened
a: Renounce Religion


You were on level 4 of the Lair of Beasts.
You worshipped Xom.
You were a special plaything of Xom.
You visited 2 branches of the dungeon, and saw 15 of its levels.
You also visited: Sewer and Ossuary.

You collected 834 gold pieces.
You spent 18 gold pieces at shops.

Inventory:

Hand Weapons
 a - a +0 hand axe of chaos
 k - a +2 battleaxe of electrocution (weapon)
   (You found it on level 1 of the Dungeon)
 G - a +0 war axe
   (You found it on level 8 of the Dungeon)
Missiles
 K - a javelin
 N - 4 curare-tipped darts
Armour
 b - a +2 leather armour
 e - a +2 helmet (worn)
   (You took it off Robin on level 3 of the Dungeon)
 m - a +0 cloak (worn)
   (You found it on level 5 of the Dungeon)
 C - a +2 scale mail of poison resistance (worn)
   (You took it off Ijyb on level 4 of the Dungeon)
 I - a +0 kite shield
   (You took it off a gnoll sergeant on level 8 of the Dungeon)
 P - a +0 buckler
   (You took it off a gnoll sergeant on level 11 of the Dungeon)
 T - a +1 chain mail of fire resistance
   (You took it off an orc warrior on level 11 of the Dungeon)
 V - a +0 plate armour
   (You took it off an orc knight on level 11 of the Dungeon)
Jewellery
 i - a ring of see invisible (left hand)
   (You found it on level 3 of the Dungeon)
 o - a ring of wizardry (right hand)
   (You found it on level 3 of the Dungeon)
 x - a ring of magical power
   (You found it on level 4 of the Dungeon)
 Q - an amulet of faith
   (You found it on level 11 of the Dungeon)
 U - an amulet of magic regeneration
   (You took it off an orc knight on level 11 of the Dungeon)
Wands
 g - a wand of iceblast (29)
   (You found it on level 4 of the Dungeon)
 y - a wand of polymorph (11)
   (You found it on level 4 of the Dungeon)
 D - a wand of mindburst (24)
   (You found it on level 6 of the Dungeon)
 E - a wand of flame (15)
   (You found it on level 10 of the Dungeon)
 L - a wand of digging (6)
   (You found it on level 9 of the Dungeon)
 R - a wand of charming (8)
   (You found it on level 11 of the Dungeon)
Scrolls
 f - a scroll of poison
 l - 3 scrolls of fear
 n - a scroll of fog
 r - 2 scrolls of immolation
 t - 4 scrolls of teleportation
 v - 2 scrolls of vulnerability
 z - 4 scrolls of blinking
 F - a scroll of brand weapon
Potions
 d - 7 potions of might
 h - 5 potions of haste
 j - 2 potions of lignification
 p - 2 potions of brilliance
 q - 7 potions of curing
 s - 2 potions of mutation
 u - a potion of attraction {unknown}
 w - a potion of heal wounds
 A - 5 potions of ambrosia
 B - 2 potions of cancellation {unknown}
 H - 5 potions of flight
 J - a potion of resistance {unknown}
 M - a potion of berserk rage {unknown}
Miscellaneous
 c - a piece from Xom's chessboard (15/15) (quivered)


   Skills:
 - Level 10.0 Fighting
 + Level 16.5 Axes
 - Level 11.0 Armour
 - Level 4.0 Dodging
 - Level 6.0 Evocations


You had 11 spell levels left.
You didn't know any spells.
Your spell library contained the following spells:

 Spells                   Type           Power      Damage    Failure   Level
 Beastly Appendage        Tmut           0%         N/A       28%         1
 Wereblood                Tmut           0%         N/A       38%         2
 Spider Form              Tmut/Pois      0%         N/A       61%         3
 Stone Arrow              Conj/Erth      0%         3d7       61%         3
 Animate Armour           Summ/Erth      0%         N/A       94%         4
 Summon Ice Beast         Ice/Summ       0%         N/A       94%         4
 Summon Mana Viper        Hex/Summ       0%         N/A       100%        5
 Monstrous Menagerie      Summ           0%         N/A       100%        7
 Lehudib's Crystal Spear  Conj/Erth      0%         10d2      100%        8


Dungeon Overview and Level Annotations

Branches:
Dungeon (11/15)            Temple (0/1) D:4            Lair (4/6) D:11
    Orc (0/2) D:9           Sewer (visited)         Ossuary (visited)
  Swamp: Lair:2-4    Shoals: Lair:2-4     Snake: Lair:2-4    Spider: Lair:2-4

Altars:
Okawaru
Qazlal
Xom

Shops:
D:3 [   D:9 *

Annotations:
D:10 Nergalle


Innate Abilities, Weirdness & Mutations

You passively map the area around you.
You are easily found by Zot.
You glow in the dark.
You regain HP and MP as you explore.
You have sharp toenails.
You are mostly covered in iridescent scales. (AC +4)
You possess an exceptional clarity of mind.
You are clumsy. (Dex -2)
You are robust. (+10% HP)
You are covered in fur. (AC +1)
You sometimes lose the ability to read scrolls when taking damage.


Message History

You hit the cane toad but do no damage. The cane toad stings you.
The cane toad stings you but does no damage.
You barely miss the cane toad. Your kick misses the cane toad.
The cane toad is almost dead.
You hit the polar bear. You completely miss the cane toad.
The cane toad stings you but does no damage.
The polar bear barely misses you. The polar bear closely misses you.
The polar bear claws you. The cane toad closely misses you.
You barely miss the cane toad.
You claw the cane toad, but do no damage.
The cane toad is almost dead.
You hit the yak. You slash the polar bear! You barely miss the yak.
You hit the yak. Lightning courses through the yak! You slash the cane toad!
The cane toad stings you but does no damage.
The yak barely misses you. The polar bear bites you!
You feel threatened and lose the ability to read scrolls!
The polar bear closely misses you. The polar bear claws you.
The yak closely misses you. The yak gores you but does no damage.
The cane toad stings you but does no damage.
The cane toad misses you.
You hit the cane toad but do no damage. Your kick misses the cane toad.
The cane toad is almost dead.
You slice the cane toad!! You closely miss the yak. You slash the yak!
You hit the polar bear but do no damage.
You hit the yak. The cane toad stings you!
The yak gores you but does no damage. x2; The polar bear closely misses you.
The polar bear claws you but does no damage. x2
The yak gores you. The cane toad misses you.
You are too injured to fight recklessly!
You are too injured to fight recklessly!
You slice the yak!!
You kill the yak!
The yak's corpse disappears in a puff of smoke!
You completely miss the cane toad. You barely miss the cane toad.
You slash the yak!
You hit the polar bear but do no damage.
Lightning courses through the polar bear!
You hit the yak. Lightning courses through the yak!!
The cane toad stings you but does no damage.
The polar bear goes berserk!
The yak closely misses you. x2
The cane toad stings you.
The cane toad stings you but does no damage. x2
The yak completely misses you.
You barely miss the cane toad.
The cane toad is almost dead.
You slash the cane toad!
Lightning courses through the cane toad!
You kill the cane toad!
You slash the polar bear! You closely miss the yak. The polar bear bites you!!
The polar bear claws you but does no damage.
The polar bear misses you. The cane toad stings you!
* * * LOW HITPOINT WARNING * * *
The yak gores you but does no damage.
The polar bear bites you but does no damage.
The polar bear barely misses you.
The polar bear claws you but does no damage.
You feel much better. The polar bear bites you!
The polar bear claws you but does no damage. x2
The cane toad stings you!
* * * LOW HITPOINT WARNING * * *
You are poisoned.
The cane toad poisons you!
The yak gores you but does no damage. x2
The yak gores you.
* * * LOW HITPOINT WARNING * * *
You cannot read scrolls in your current state!
Unknown command.
You feel better. The polar bear bites you.
* * * LOW HITPOINT WARNING * * *
The polar bear closely misses you.
The polar bear claws you but does no damage.
The cane toad barely misses you. The yak gores you.
* * * LOW HITPOINT WARNING * * *
The yak barely misses you.
The polar bear bites you but does no damage.
The polar bear claws you but does no damage.
The polar bear claws you.
* * * LOW HITPOINT WARNING * * *
The yak barely misses you.
You closely miss the cane toad.
You claw the cane toad, but do no damage.
The cane toad is almost dead.
You hit the yak.
You hit the polar bear but do no damage.
You hit the yak. You barely miss the yak.
The cane toad stings you but does no damage.
The polar bear bites you.
* * * LOW HITPOINT WARNING * * *
The polar bear claws you but does no damage. x2
The yak barely misses you. The yak gores you but does no damage.
The yak gores you.
* * * LOW HITPOINT WARNING * * *
The cane toad barely misses you.
You slice the cane toad!!
You kill the cane toad!
You slice the yak!!
You kill the yak!
The yak's corpse degenerates into a cloud of primal chaos!
You hit the yak. You hit the polar bear. You hit the yak.
The polar bear bites you!
You die...

...# , * * >.P# *
##..........##..# , *
######................ ,*
###.....P............... *
,,........................
, ,,
,.......................# ,
........................ ,,
,, ........Y...............
,.......@h............... *
,,∆.......§Y...............
* *
........................
P.P.###................. *
#.# **##......(..P...... #
* .#..........##....
#...........# #.## * *
#...........# ## **
.#..........P#


You could see a polar bear (summoned, berserk) and 2 yaks.

Vanquished Creatures
  A fire dragon (D:11)
  A hydra (Lair:1)
  A two-headed ogre (D:9)
  An orc knight (D:11)
  A manticore (D:11)
  3 elephants (Lair:4)
  7 cane toads
  2 komodo dragons
  Sigmund (D:6)
  A shadow (D:11)
  11 yaks
  A human (D:11)
  2 wraiths (D:10)
  3 wyverns
  A vampire (D:10)
  3 steam dragons
  An acid dragon (D:11)
  4 water moccasins
  An orc warrior (D:11)
  2 black bears (D:8)
  An ogre (D:6)
  3 wolves (Lair:3)
  A centaur (D:6)
  6 elf zombies (Ossuary)
  5 phantoms
  2 kobold brigands
  4 bullfrogs
  Blork the orc (D:6)
  3 scorpions
  4 gnoll sergeants
  A troll zombie (D:9)
  5 wights (D:9)
  A howler monkey (D:10)
  4 centaur zombies (Ossuary)
  4 hounds
  2 human zombies (Ossuary)
  3 orc priests
  A gnoll shaman (D:6)
  Ijyb (D:4)
  3 iguanas
  5 orc wizards
  7 ogre zombies (D:9)
  3 mummies (Ossuary)
  Robin (D:3)
  14 gnolls
  A river rat (Sewer)
  6 adders
  A shadow imp (D:6)
  2 white imps
  2 worms (Sewer)
  A dart slug (D:1)
  8 orcs
  3 bats
  6 endoplasms
  2 giant cockroaches
  8 goblins (D:3)
  18 hobgoblins
  A quokka (D:3)
  11 ball pythons
  2 frilled lizards (D:1)
  3 goblin skeletons (D:9)
  4 goblin zombies (D:9)
  2 hobgoblin skeletons (D:9)
  4 hobgoblin zombies (D:9)
  22 kobolds
  12 orc zombies (D:9)
  10 rats
262 creatures vanquished.

Vanquished Creatures (collateral kills)
  A two-headed ogre (D:11)
  A human (D:11)
  A black bear (D:11)
  An ogre (D:6)
  A centaur (D:11)
  A bullfrog (Lair:2)
  An orc priest (D:6)
  An orc wizard (D:6)
  A gnoll (D:6)
9 creatures vanquished.

Vanquished Creatures (others)
  A dancing weapon (D:11)
  A golden eye (Lair:2)
  18 fungi
  65 plants
85 creatures vanquished.

Grand Total: 356 creatures vanquished

Notes
Turn   | Place    | Note
-------+----------+-------------------------------------------
     0 | D:1      | Flugkiller the Meteoran Chaos Knight began the quest for
                  | the Orb.
     0 | D:1      | Reached XP level 1. HP: 19/19 MP: 2/2
    52 | D:1      | Reached XP level 2. HP: 25/27 MP: 3/3
   236 | D:2      | Reached XP level 3. HP: 33/33 MP: 4/4
   298 | D:1      | Reached skill level 4 in Axes
   445 | D:3      | Found a glowing drain.
   445 | D:3      | Noticed a scorpion
   445 | D:3      | XOM: potion effect (berserk rage)
   448 | D:3      | Noticed Robin
   450 | D:3      | XOM: potion effect (might)
   454 | D:3      | Killed a scorpion
   455 | D:3      | Reached skill level 5 in Axes
   455 | D:3      | Reached XP level 4. HP: 34/40 MP: 5/5
   455 | D:3      | Reached XP level 5. HP: 40/46 MP: 6/6
   458 | D:3      | XOM: confuse monster(s)
   470 | D:3      | Reached skill level 6 in Axes
   552 | D:3      | Killed Robin
   595 | Sewer    | Entered a sewer
   729 | Sewer    | Reached XP level 6. HP: 43/52 MP: 7/7
   733 | Sewer    | XOM: smoke on damage
   810 | Sewer    | Reached skill level 7 in Axes
   967 | D:3      | Found Dussicvihas's Antique Armour Shop.
  1078 | D:4      | XOM: butterfly on damage
  1167 | D:4      | Reached skill level 8 in Axes
  1167 | D:4      | Reached XP level 7. HP: 57/59 MP: 8/8
  1275 | D:4      | Found a sand-covered staircase.
  1280 | Ossuary  | Entered an ossuary
  1288 | Ossuary  | XOM: noise
  1291 | Ossuary  | XOM: 1-stop teleportation journey
  1298 | Ossuary  | XOM: blink monster(s)
  1301 | Ossuary  | Reached skill level 9 in Axes
  1307 | Ossuary  | XOM: swap monsters
  1318 | Ossuary  | XOM: swap monsters
  1322 | Ossuary  | XOM: summons 2 hostile shadow creatures
  1324 | Ossuary  | Reached XP level 8. HP: 52/66 MP: 9/9
  1328 | Ossuary  | XOM: give mutations
  1328 | Ossuary  | Gained mutation: You are weak. (Str -2) [Xom's mischief]
  1328 | Ossuary  | Gained mutation: You have sharp toenails. [Xom's mischief]
  1328 | Ossuary  | Gained mutation: You are frail. (-10% HP) [Xom's mischief]
  1328 | Ossuary  | Gained mutation: You are clumsy. (Dex -2) [Xom's mischief]
  1330 | Ossuary  | XOM: summons 1 hostile shadow creature
  1336 | Ossuary  | Reached skill level 10 in Axes
  1422 | Ossuary  | XOM: 1-stop teleportation journey
  1480 | Ossuary  | XOM: 3-stop teleportation journey
  1490 | Ossuary  | XOM: fog
  1492 | Ossuary  | Reached skill level 11 in Axes
  1565 | D:4      | Noticed Ijyb
  1574 | D:4      | Killed Ijyb
  1618 | D:5      | Entered Level 5 of the Dungeon
  1675 | D:4      | Found a staircase to the Ecumenical Temple.
  1721 | D:5      | Gained mutation: You passively map the area around you.
                  | [Meteoran growth]
  1721 | D:5      | Reached XP level 9. HP: 59/64 MP: 10/10
  2097 | D:6      | Noticed Sigmund
  2103 | D:6      | Killed Sigmund
  2104 | D:6      | Reached skill level 5 in Fighting
  2104 | D:6      | Reached skill level 12 in Axes
  2113 | D:6      | XOM: give mutations
  2113 | D:6      | Gained mutation: You sometimes lose the ability to read
                  | scrolls when taking damage. [Xom's mischief]
  2113 | D:6      | Lost mutation: You are weak. (Str -2) [Xom's mischief]
  2227 | D:6      | XOM: summons 5 hostile demons
  2421 | D:6      | XOM: smoke on damage
  2436 | D:6      | XOM: cleaving
  2440 | D:6      | Reached skill level 5 in Evocations
  2482 | D:7      | You fall into a shaft and drop 2 floors!
  2602 | D:6      | Noticed Blork the orc
  2606 | D:6      | XOM: confuse monster(s)
  2610 | D:6      | Killed Blork the orc
  2611 | D:6      | Reached XP level 10. HP: 65/74 MP: 11/11
  2618 | D:6      | Reached skill level 5 in Armour
  2655 | D:7      | XOM: fog
  2695 | D:7      | XOM: 2-stop teleportation journey
  2800 | D:8      | Reached skill level 13 in Axes
  3026 | D:8      | XOM: enchant monster (bad)
  3029 | D:8      | XOM: enchant monster (bad)
  3053 | D:8      | XOM: 3-stop teleportation journey
  3129 | D:8      | Reached skill level 14 in Axes
  3222 | D:9      | Noticed a two-headed ogre
  3229 | D:9      | XOM: butterfly on damage
  3230 | D:9      | Killed a two-headed ogre
  3264 | D:9      | Found Gankol's CLEARANCE SALE!.
  3271 | D:9      | Bought a scroll of identify for 6 gold pieces
  3271 | D:9      | Bought a potion of might for 12 gold pieces
  3302 | D:9      | XOM: noise
  3331 | D:9      | XOM: smoke on damage
  3453 | D:9      | Reached XP level 11. HP: 60/81 MP: 12/12
  3505 | D:9      | Found a shimmering altar of Xom.
  3506 | D:9      | Found a stormy altar of Qazlal.
  3525 | D:9      | Found a staircase to the Orcish Mines.
  3561 | D:9      | XOM: potion effect (curing)
  3715 | D:10     | Entered Level 10 of the Dungeon
  3749 | D:10     | XOM: swap monsters
  4019 | D:10     | Noticed Nergalle
  4026 | D:10     | XOM: noise
  4039 | D:10     | XOM: confuse monster(s)
  4204 | D:11     | Noticed a two-headed ogre
  4206 | D:11     | XOM: destruction
  4209 | D:11     | Killed a two-headed ogre
  4210 | D:11     | Reached skill level 10 in Fighting
  4242 | D:11     | Noticed a fire dragon
  4246 | D:11     | XOM: cast spell 'Leda's Liquefaction'
  4251 | D:11     | XOM: summons friendly shadow imp
  4258 | D:11     | XOM: butterfly on damage
  4260 | D:11     | Killed a fire dragon
  4298 | D:11     | XOM: smoke on damage
  4357 | D:11     | Noticed a manticore
  4366 | D:11     | XOM: summons friendly iron imp
  4369 | D:11     | Killed a manticore
  4370 | D:11     | Reached XP level 12. HP: 48/95 MP: 13/13
  4436 | D:11     | Found an iron altar of Okawaru.
  4438 | D:11     | XOM: potion effect (brilliance)
  4511 | D:11     | XOM: polymorph iron imp -> lemure
  4517 | D:11     | Reached skill level 15 in Axes
  4528 | D:11     | Found a staircase to the Lair.
  4567 | D:11     | Noticed an orc knight
  4575 | D:11     | Killed an orc knight
  4637 | Lair:1   | Entered Level 1 of the Lair of Beasts
  4698 | Lair:1   | XOM: give mutations
  4698 | Lair:1   | Lost mutation: You are frail. (-10% HP) [Xom's grace]
  4698 | Lair:1   | Gained mutation: You possess an exceptional clarity of
                  | mind. [Xom's grace]
  4698 | Lair:1   | Gained mutation: You are partially covered in iridescent
                  | scales. (AC +2) [Xom's grace]
  4698 | Lair:1   | Gained mutation: You are covered in fur. (AC +1) [Xom's
                  | grace]
  4717 | Lair:1   | XOM: cleaving
  4782 | Lair:1   | Noticed a seven-headed hydra
  4785 | Lair:1   | XOM: 1-stop teleportation journey
  4802 | Lair:1   | XOM: confuse monster(s)
  4806 | Lair:1   | Killed a seven-headed hydra
  4807 | Lair:1   | Reached skill level 10 in Armour
  4900 | Lair:2   | XOM: give mutations
  4900 | Lair:2   | Gained mutation: You are mostly covered in iridescent
                  | scales. (AC +4) [Xom's grace]
  4900 | Lair:2   | Gained mutation: You are robust. (+10% HP) [Xom's grace]
  4906 | Lair:2   | Noticed a death yak
  4908 | Lair:2   | XOM: polymorph black mamba -> golden eye
  4908 | Lair:2   | Noticed a death yak
  4909 | Lair:2   | XOM: destruction
  4910 | Lair:2   | XOM: summons 4 friendly demons
  4913 | Lair:2   | Noticed a death yak
  4931 | Lair:2   | XOM: cast spell 'Leda's Liquefaction'
  4958 | Lair:3   | XOM: scenery: create altars
  5041 | Lair:3   | Reached skill level 16 in Axes
  5095 | Lair:4   | XOM: snakes to sticks
  5097 | Lair:4   | XOM: scenery: create altars
  5098 | Lair:4   | XOM: confuse monster(s)
  5107 | Lair:4   | XOM: confuse monster(s)
  5128 | Lair:4   | XOM: 8-stop teleportation journey
  5185 | Lair:4   | XOM: divination: detect items
  5239 | Lair:4   | XOM: summons 2 hostile shadow creatures
  5251 | Lair:4   | Slain by a polar bear

Illustrated notes

Levels and vault maps discovered:
D:1:      psy_arrival_whirlpool, layout_loops_ring, basic_ecumenical_altar,
          st_stairs_13, grunt_decor_arrowhead, dk_noncrumbling_3,
          grunt_decor_resistance, chequers_avenue
D:2:      layout_basic, serial_shops, shop, kennysheep_jessica_study
D:3:      minmay_door_path, layout_loops_ring,
          mainiacjoe_overflow_concentric_impassable, portal_sewer_entry_a,
          serial_shops, shop, serial_bayou, serial_bayou_lagoon_b,
          serial_bayou_lagoon_a, serial_bayou_pond_a, serial_bayou_pond_b,
          grunt_decor_mini_mirrors, uniq_grinder, uniq_terence, uniq_robin
D:4:      layout_rooms, temple_doors_e, enter_ossuary_5, uniq_ijyb
D:5:      layout_rooms, corexii_shack
D:6:      kennysheep_housing_project, layout_basic, uniq_sigmund,
          uniq_blork_the_orc
D:7:      layout_basic, amethyst_overflow_temple_binary, minmay_misc_feat_cross
D:8:      layout_loops_corners
D:9:      layout_roguey, gammafunk_temple_overflow_statue, zombieorc2_lemuel,
          nicolae_shop_clearance
D:10:     layout_irregular_city, uniq_nergalle
D:11:     nzn_winding_woodlands_three_and_one
          [nzn_winding_woodlands_5x15_garden,
          nzn_winding_woodlands_5x15_lazy_stream,
          nzn_winding_woodlands_5x15_pockets,
          nzn_winding_woodlands_center_triple_pond], layout_loops_ring,
          grunt_lair_entry_orc_guard_hut, okawaru_humans
Lair:1:   layout_hall_layers, nicolae_lair_liquid_snakes, grunt_megastairs_3
Lair:2:   layout_cave_pods, shoals_dummy_entry,
          minmay_snake_entry_guardpost_small, gammafunk_ghost_split,
          minmay_holes, grunt_megastairs_1, serial_bayou_shore_b,
          serial_bayou_shore_a, serial_bayou_shore_b
Lair:3:   lemuel_reptile_caves, layout_gridlike
Lair:4:   layout_hall_layers

Skill      XL: |  1  2  3  4  5  6  7  8  9 10 11 12 |
---------------+-------------------------------------+-----
Fighting       | 4 5 7 10 | 10.0
Axes           | 5 6 8 9 11 12 14 16 | 16.5
Armour         | 4 7 8 11 | 11.0
Evocations     | 5 6 |  6.0
Dodging        | 4 |  4.0

Action                   |  1- 3 |  4- 6 |  7- 9 | 10-12 || total
-------------------------+-------+-------+-------+-------++-------
Melee: Hand axe          |     9 |       |       |       ||     9
       Battleaxe         |    48 |   133 |   238 |   360 ||   779
       Kick              |       |       |    63 |   113 ||   176
Evoke: Wand              |       |       |       |    10 ||    10
  Use: Potion            |       |     2 |       |     5 ||     7
       Scroll            |       |     3 |     5 |    14 ||    22
 Stab: Confused          |       |     1 |     2 |     3 ||     6
Armor: Leather armour    |    38 |    76 |    56 |       ||   170
       Scale mail        |       |       |    68 |   236 ||   304
       Chain mail        |       |       |       |     6 ||     6
Dodge: Dodged            |    48 |    76 |   107 |   205 ||   436

Table legend: (Time is in decaauts)
 A = Elapsed time spent in this place.
 B = Non-inter-level travel time spent in this place.
 C = Inter-level travel time spent in this place.
 D = Time resting spent in this place.
 E = Time spent auto-exploring this place.
 F = Levels seen in this place.
 G = Mean time per level.
                   A        B        C        D        E       F      G
               +--------+--------+--------+--------+--------+-----+--------+
         Total |   5432 |   5166 |    266 |      0 |      0 |  17 |  319.5 |
       Dungeon |   4157 |   3897 |    260 |      0 |      0 |  11 |  377.9 |
          Lair |    612 |    606 |      6 |      0 |      0 |   4 |  153.0 |
         Sewer |    362 |    362 |      0 |      0 |      0 |   1 |  362.0 |
       Ossuary |    300 |    300 |      0 |      0 |      0 |   1 |  300.0 |
               +--------+--------+--------+--------+--------+-----+--------+

Top non-repeatable levels by time:
     D:6: 542 daAuts
     D:9: 522 daAuts
     D:8: 508 daAuts
    D:10: 478 daAuts
    D:11: 452 daAuts
     D:4: 414 daAuts
   Sewer: 362 daAuts
     D:1: 313 daAuts
 Ossuary: 300 daAuts
     D:3: 298 daAuts
     D:5: 270 daAuts
  Lair:1: 220 daAuts
     D:2: 186 daAuts
  Lair:4: 175 daAuts
     D:7: 170 daAuts
